 Dungeon Crawl Stone Soup version 0.13.0-26-gf7ffa3a (webtiles) character file.

120 M4edhros the Sneak (level 3, -2/24 HPs)
             Began as an Octopode Artificer on Nov 1, 2013.
             Slain by an ogre
             ... wielding a +0,+0 great mace
              (10 damage)
             ... on Level 4 of the Dungeon.
             The game lasted 00:00:56 (1168 turns).

M4edhros the Sneak (Octopode Artificer)             Turns: 1168, Time: 00:00:57

HP  -2/24        AC  1     Str 10      XL: 3   Next:  8%
MP   4/4         EV 12     Int 15      God:
Gold 94          SH  0     Dex 12      Spells:  0 memorised,  2 levels left

Res.Fire  : . . .   See Invis. : .   k - +3,+2 short sword
Res.Cold  : . . .   Warding    : .   (no shield)
Life Prot.: . . .   Conserve   : .   (helmet restricted)
Res.Poison: .       Res.Corr.  : .   (no amulet)
Res.Elec. : .       Clarity    : .   n - ring of sustenance {unknown}
Sust.Abil.: . .     Spirit.Shd : .   (no ring)
Res.Mut.  : .       Stasis     : .   (no ring)
Res.Rott. : .       Flight     : .   (no ring)
Saprovore : . . .                    (no ring)
                                     (no ring)
                                     (no ring)
                                     (no ring)

@: not resistant to hostile enchantments, quite stealthy
A: almost no armour, amphibious, 8 rings, constrict 8, camouflage 1, AC +1
a: no special abilities


You were on level 4 of the Dungeon.
You were not hungry.

You visited 1 branch of the dungeon, and saw 4 of its levels.

You collected 74 gold pieces.

Inventory:

Hand weapons
 a - a +0,+0 short sword
 k - a +3,+2 short sword (weapon)
Magical devices
 b - a wand of flame (15)
 c - a wand of enslavement (13)
 d - a wand of random effects (15)
Comestibles
 f - a bread ration
 j - an apple
Scrolls
 e - a scroll of identify {unknown}
 i - a scroll of fog {unknown}
 l - a scroll of remove curse {unknown}
 m - a scroll of teleportation {unknown}
 o - a scroll of curse armour {unknown}
Jewellery
 n - a ring of sustenance (left tentacle) {unknown}
Potions
 g - 2 potions of speed {unknown}
 h - a potion of curing {unknown}


   Skills:
 - Level 1.0 Fighting
 - Level 1.0 Short Blades
 - Level 2.0 Dodging
 + Level 4.2 Stealth
 - Level 3.2 Evocations


You had 2 spell levels left.
You didn't know any spells.

Dungeon Overview and Level Annotations

Branches:
Dungeon (4/27)
 Temple: D:4-7

Altars:


Innate Abilities, Weirdness & Mutations

You cannot wear most types of armour.
You are amphibious.
You can wear up to eight rings at the same time.
You can use your tentacles to constrict many enemies at once.
Your skin changes colour to match your surroundings (Stlth).
Your rubbery body absorbs attacks (AC +1).


Message History

An ogre is nearby!
An ogre is nearby!
You see here a dwarven visored helmet.
An ogre is nearby!
The ogre hits you with a great mace!
Ouch! That really hurt!
Found 22 darts.
You barely miss the ogre.
Evoke which item? (* to show all) (? for menu, Esc to quit)
Zapping:
c - a wand of enslavement (15)
Press: ? - help, Shift-Dir - straight line, f - ogre
Aim: an ogre, wielding a great mace The ogre resists.
This wand has 14 charges left.
The ogre barely misses you.
Evoke which item? (* to show all) (? for menu, Esc to quit)
Zapping:
c - a wand of enslavement (14)
Press: ? - help, Shift-Dir - straight line, f/p - ogre
Aim: an ogre, wielding a great mace The ogre resists.
This wand has 13 charges left.
The ogre hits you with a great mace!
You die...

.8( #.# ...... #.#
..##.# #.# # #.##.#
#.#.# #.##.# #.#.# ###
#.##.# #.#.#....
#.##.####.......
#.##......O.#
#.#...[..@.#
#.#####....####..#
#.......#...# (..#
#######.#..........
#.......#...#......#
#.#####.#........#...
##.#.....#...##.#.####
..)..#.#.#...... ..
##.###.#.###.. . .


You could see an ogre.

Vanquished Creatures
  An adder (D:2)
  A giant gecko (D:1)
  An orc (D:3)
  2 goblins
  2 hobgoblins (D:1)
  2 kobolds (D:2)
  2 ball pythons
  2 bats (D:1)
  A giant newt (D:1)
  A hobgoblin skeleton (D:4)
  5 rats
20 creatures vanquished.

Notes
Turn   | Place    | Note
--------------------------------------------------------------
     0 | D:1      | M4edhros, the Octopode Artificer, began the quest for the Orb.
     0 | D:1      | Reached XP level 1. HP: 14/14 MP: 1/1
   389 | D:1      | Reached XP level 2. HP: 19/19 MP: 3/3
   712 | D:2      | Reached skill level 4 in Stealth
   956 | D:3      | Reached XP level 3. HP: 24/24 MP: 4/4
  1159 | D:4      | Noticed an ogre
  1168 | D:4      | Slain by an ogre

Action                   || total
-------------------------++-------
Melee: Short sword       ||    31
Evoke: Wand              ||     2
 Stab: Sleeping          ||     8
